 Dungeon Crawl Stone Soup version 0.22.1-1-ga44c0e5 (webtiles) character file.

119 Fang the Chopper (level 5, 0/49 HPs)
             Began as a Gargoyle Berserker on Sept 24, 2018.
             Was a Believer of Trog.
             Killed from afar by an orc wizard (3 damage)
             ... with a magic dart
             ... on level 3 of the Dungeon.
             The game lasted 00:02:04 (2038 turns).

Fang the Chopper (Gargoyle Berserker)               Turns: 2038, Time: 00:02:05

Health: 0/49       AC:  6    Str: 26    XL:     5   Next: 3%
Magic:  5/5        EV: 12    Int:  8    God:    Trog [**....]
Gold:   116        SH:  0    Dex:  9    Spells: 4/4 levels left

rFire    . . .     SeeInvis .   a - +0 hand axe
rCold    . . .     Gourm    .   (no shield)
rNeg     + . .     Faith    .   b - +0 animal skin
rPois    ∞         Spirit   .   (no helmet)
rElec    +         Reflect  .   e - scarf {repulsion}
rCorr    .         Harm     .   (no gloves)
MR       .....                  (no boots)
Stlth    ..........             (no amulet)
HPRegen  0.16/turn              (no ring)
MPRegen  0.09/turn              (no ring)

@: berserking, repel missiles, very quick
A: negative energy resistance 1, electricity resistance, unbreathing,
petrification resistance, rot immunity, AC +4
a: Berserk, Trog's Hand, Renounce Religion


You were on level 3 of the Dungeon.
You worshipped Trog.
Trog was pleased with you.
You were very hungry.

You visited 1 branch of the dungeon, and saw 3 of its levels.

You collected 116 gold pieces.

Inventory:

Hand Weapons
 a - a +0 hand axe (weapon)
Armour
 b - a +0 animal skin (worn)
 e - a scarf of repulsion (worn)
Scrolls
 d - a scroll of fog {unknown}
 g - a scroll of amnesia {unknown}
 i - 2 scrolls of remove curse {unknown}
 j - a scroll of immolation {unknown}
 k - a scroll of noise {unknown}
 l - 2 scrolls of teleportation {unknown}
 n - a scroll of magic mapping {unknown}
 q - a scroll of identify {unknown}
Potions
 f - a potion of degeneration {unknown}
 h - a potion of lignification {unknown}
 m - a potion of flight {unknown}
 p - a potion of berserk rage {unknown}
Comestibles
 c - 3 rations
 o - 6 chunks of flesh


   Skills:
 + Level 3.9 Fighting
 + Level 4.0 Axes
 + Level 2.3 Armour
 + Level 2.4 Dodging
 + Level 0.8 Stealth


You had 4 spell levels left.
You didn't know any spells.
Your spell library was empty.

Dungeon Overview and Level Annotations

Branches:
Dungeon (3/15)

Altars:
Gozag


Innate Abilities, Weirdness & Mutations

You are resistant to torment.
Your stone body is resilient. (AC +4)
You are immune to poison.
You resist negative energy. (rN+)
You are resistant to electric shocks. (rElec)
You can survive without breathing.
You are immune to petrification.
You are immune to rotting.


Message History

* * * LOW HITPOINT WARNING * * *
You barely miss the orc.
The orc is severely wounded.
You closely miss the orc. You closely miss the orc wizard.
The orc closely misses you. The orc wizard hits you with a dagger.
* * * LOW HITPOINT WARNING * * *
The orc misses you.
Unknown command.
You slash the orc!
You kill the orc!
Trog accepts your kill.
You have reached level 5!
You slash the orc!
You kill the orc!
Trog accepts your kill.
Your Axes skill increases to level 4!
You closely miss the orc wizard. The orc wizard casts a spell at you.
The magic dart hits you!
You die...

####### #### #.$....
##########...
#..$..o#####..........##
#......@.....##########
....$.)####### #.##...
..... ..##### #


You could see an orc wizard.

Vanquished Creatures
  An orc priest (D:3)
  2 adders (D:2)
  A worm (D:2)
  2 dart slugs (D:1)
  2 leopard geckos (D:1)
  3 orcs
  A giant cockroach (D:1)
  6 goblins
  7 hobgoblins
  4 jackals (D:1)
  A quokka (D:2)
  11 bats
  4 frilled lizards (D:1)
  5 kobolds
  10 rats
60 creatures vanquished.

Notes
Turn   | Place    | Note
-------+----------+-------------------------------------------
     0 | D:1      | Fang the Gargoyle Berserker began the quest for the Orb.
     0 | D:1      | Reached XP level 1. HP: 14/14 MP: 1/1
   138 | D:1      | Reached XP level 2. HP: 19/19 MP: 2/2
   146 | D:1      | Reached skill level 3 in Axes
   319 | D:1      | Reached XP level 3. HP: 18/24 MP: 3/3
   849 | D:2      | Reached ** piety under Trog
  1316 | D:2      | Reached XP level 4. HP: 22/29 MP: 4/4
  1588 | D:2      | Found an opulent altar of Gozag.
  2037 | D:3      | HP: 2/43 [orc wizard/dagger (1)]
  2038 | D:3      | Reached XP level 5. HP: 3/33 MP: 5/5
  2038 | D:3      | Reached skill level 4 in Axes
  2038 | D:3      | Killed from afar by an orc wizard

Skill      XL: |  1  2  3  4  5 |
---------------+----------------+-----
Axes           | 3 4 |  4.0
Dodging        | 2 |  2.4
Fighting       | |  3.9
Armour         | |  2.3
Stealth        | |  0.8

Action                   |  1- 3 |  4- 6 || total
-------------------------+-------+-------++-------
Melee: Hand axe          |   130 |    58 ||   188
Invok: Berserk           |     3 |     1 ||     4
 Stab: Sleeping          |     2 |     1 ||     3
  Eat: Chunk             |     4 |     2 ||     6
Armor: Animal skin       |    74 |    20 ||    94
Dodge: Dodged            |   100 |    54 ||   154
       Deflected         |     3 |     3 ||     6
